 Dungeon Crawl Stone Soup version 0.31-a0-640-g39d97e502b (webtiles) character file.

Game seed: 1307164466848532946

5 Descartes the Changeling (level 1, 0/9 HPs)
             Began as a Felid Shapeshifter on Aug 28, 2023.
             Killed from afar by a dart slug (5 damage)
             ... with a slug dart
             ... on level 1 of the Dungeon.
             The game lasted 00:00:17 (126 turns).

Descartes the Changeling (Felid Shapeshifter)        Turns: 126, Time: 00:00:18

Health: 0/9        AC:  1    Str: 10    XL:     1   Next: 66%
Magic:  2/2        EV: 17    Int: 11    God:
Gold:   0          SH:  0    Dex: 15    Spells: 0/0 levels left
                                        Lives:  0   Deaths: 1

rFire   . .          .
                       - Unarmed
rCold   . . .        (shield unavailable)
rNeg    . . .        (body armour unavailable)
rPois   .            (helmet unavailable)
rElec   .            (cloak unavailable)
rCorr   .            (gloves unavailable)
SInv    +            (boots unavailable)
Will    .....        (no amulet)
Stlth   ++           (no ring)
HPRegen 0.21/turn    (no ring)
MPRegen 0.08/turn

%: no passive effects
@: beast-form, quick
A: beast (slay +1), very small, claws 1, fangs 3, see invisible, speed 1, shaggy
fur 1, stealthy paws, no weapons or thrown items, no armour, multi-lived
a: Begin Untransformation


You were on level 1 of the Dungeon.
You were a hulking beast.
You visited 1 branch of the dungeon, and saw 1 of its levels.

Inventory:

Talismans
 b - a beast talisman (active)
 c - a flux talisman
Potions
 a - a potion of lignification


   Skills:
 + Level 1.1 Fighting
 + Level 2.8 Dodging
 + Level 0.6 Stealth
 + Level 3.0 Unarmed Combat
 + Level 3.3 Shapeshifting


You couldn't memorise any spells.
You didn't know any spells.
Your spell library was empty.

Dungeon Overview and Level Annotations

Branches:
Dungeon (1/15)

Altars:


Innate Abilities, Weirdness & Mutations

You are a hulking beast.
Your limbs bulge with bestial killing power. (Slay +1)
You have sharp claws.
You have razor-sharp teeth.
You have supernaturally acute eyesight. (SInv)
You cover ground quickly. (Speed+)
You are covered in fur. (AC +1)
Your paws help you pounce on unaware monsters.
You are incapable of wielding weapons or throwing items.
You cannot wear armour.
You gain extra lives every three experience levels.


Message History

The endoplasm is lightly wounded.
The endoplasm freezes you.
You are frozen.
Ouch! That really hurt!
* * * LOW HITPOINT WARNING * * *
The endoplasm attacks as it pursues you!
The endoplasm hits you.
* * * LOW HITPOINT WARNING * * *
The jackal bites you.
You die...
Your shape twists and changes as you die.
You rejoin the land of the living...
Found a sling.
No target in view!
A frilled lizard comes into view.
You pounce on the unaware helpless frilled lizard!
You claw the frilled lizard!
You kill the frilled lizard!
No target in view!
No target in view!
No target in view!
No target in view!
No target in view!
No target in view!
No target in view!
No target in view!
No target in view!
No target in view!
No target in view!
No target in view!
A goblin, a hobgoblin and a dart slug come into view.
The goblin shouts!
You hear an angry hiss.
The hobgoblin shouts!
The dart slug launches a dart at you. The slug dart hits you.
You scratch the dart slug but do no damage.
The dart slug launches a dart at you. The slug dart hits you.
Ouch! That really hurt!
You die...

.. #.#
#.#+######
#......... #
#.........
#####.#.........
......#.....g...
........hwg.....
...###.#.......
#.###.##########
#...............
.#
#####.##########
.# ..#...# .#
##.#.### .#
#..#...# .#
#....#.#


You could see a dart slug, a hobgoblin and a goblin.

Vanquished Creatures
  A ball python (D:1)
  A giant cockroach (D:1)
  A jackal (D:1)
  A bat (D:1)
  A frilled lizard (D:1)
5 creatures vanquished.

Notes
Turn   | Place    | Note
-------+----------+-------------------------------------------
     0 | D:1      | Descartes the Felid Shapeshifter began the quest for the
                  | Orb.
     0 | D:1      | Reached XP level 1. HP: 9/9 MP: 2/2
    71 | D:1      | Slain by a jackal
   126 | D:1      | Killed from afar by a dart slug

Illustrated notes

Levels and vault maps discovered:
D:1:      dpeg_arrival_oval, layout_basic

Action                     || total
---------------------------++-------
  Melee: Unarmed           ||    10
         Bite              ||     2
   Stab: Sleeping          ||     2
 Armour: Skin              ||     1
  Dodge: Dodged            ||     5

Table legend: (Time is in decaauts)
 A = Elapsed time spent in this place.
 B = Non-inter-level travel time spent in this place.
 C = Inter-level travel time spent in this place.
 D = Time resting spent in this place.
 E = Time spent auto-exploring this place.
 F = Levels seen in this place.
 G = Mean time per level.
                   A        B        C        D        E       F      G
               +--------+--------+--------+--------+--------+-----+--------+
         Total |    102 |    102 |      0 |      0 |     75 |   1 |  102.0 |
       Dungeon |    102 |    102 |      0 |      0 |     75 |   1 |  102.0 |
               +--------+--------+--------+--------+--------+-----+--------+

Top non-repeatable levels by time:
     D:1: 102 daAuts
